 Dungeon Crawl Stone Soup version 0.18-a0-1497-g788d838 (webtiles) character file.

37 Karasique the Shooter (level 3, 0/24 HPs)
             Began as a High Elf Hunter on Mar 4, 2016.
             Slain by a worm (6 damage)
             ... on level 2 of the Dungeon.
             The game lasted 00:02:45 (1540 turns).

Karasique the Shooter (High Elf Hunter)             Turns: 1540, Time: 00:02:46

Health: 0/24       AC:  6    Str: 11    XL:     3   Next: 21%
Magic:  4/4        EV: 13    Int: 14    God:
Gold:   149        SH:  0    Dex: 17    Spells: 0 memorised, 2 levels left

rFire  . . .     SeeInvis .     q - +0 long sword
rCold  . . .     Gourm    .     l - +0 robe (curse)
rNeg   . . .     Faith    .     (no shield)
rPois  .         Spirit   .     a - +0 helmet
rElec  .         Dismiss  .     (no cloak)
rCorr  .         Reflect  .     (no gloves)
SustAt .         Harm     .     h - +2 pair of boots
MR     .....                    (no amulet)
Stlth  ++........               (no ring)
                                (no ring)

@: not resistant to hostile enchantments, unstealthy
A: no striking features
a: no special abilities


You were on level 2 of the Dungeon.
You were not hungry.

You visited 1 branch of the dungeon, and saw 2 of its levels.

You collected 149 gold pieces.

Inventory:

Hand Weapons
 q - a +0 long sword (weapon)
 r - a +0 short sword
 w - a +1 shortbow
Missiles
 d - 15 arrows
Armour
 a - a +0 helmet (worn)
 c - a +0 leather armour
 h - a +2 pair of boots (worn)
 l - a cursed +0 robe (worn)
Scrolls
 b - a scroll of magic mapping {unknown}
 e - 2 scrolls of identify
 k - a scroll of blinking {unknown}
 s - a scroll of remove curse {unknown}
 t - a scroll of teleportation {unknown}
Potions
 g - a potion of curing
 n - a potion of lignification {unknown}
 o - a potion of heal wounds {unknown}
 p - 2 potions of haste {unknown}
Comestibles
 f - 4 bread rations
 i - 4 fruits
 j - a beef jerky
 m - a chunk of flesh


   Skills:
 - Level 2.0 Fighting
 + Level 6.8 Bows
 - Level 2.1 Dodging
 - Level 1.1 Stealth


You had 2 spell levels left.
You didn't know any spells.

Dungeon Overview and Level Annotations

Branches:
Dungeon (2/15)

Altars:


Message History

The worm is moderately wounded.
You barely miss the worm.
The worm is moderately wounded.
The worm bites you!
Ouch! That really hurt!
You are too injured to fight recklessly!
You are too injured to fight recklessly!
You are too injured to fight recklessly!
You are too injured to fight recklessly!
You are too injured to fight recklessly!
You hit the worm but do no damage.
The worm is moderately wounded.
The worm barely misses you.
You slash the worm!
The worm is severely wounded.
The worm bites you.
You hit the worm but do no damage.
The worm is heavily wounded.
The worm bites you.
You die...

..#.#..##### .....
............ ....
............ #...##
###......... #.....
...........). #....#
#...#........ #>...#
#...#........ #.(.w#
#...#........
#...@####.<.#........
######.................
#.......###............
...................##..
...............###.##..
..<.......(###.# #.##..
#.......#### #.# #.....
#.......######+#######.
#.......#..............


You could see a worm.

Vanquished Creatures
  An ooze (D:2)
  A worm (D:2)
  A dart slug (D:1)
  A giant gecko (D:2)
  3 bats
  A giant cockroach (D:1)
  2 goblins (D:1)
  3 hobgoblins
  3 giant newts
  7 kobolds
  6 rats
29 creatures vanquished.

Notes
Turn   | Place    | Note
--------------------------------------------------------------
     0 | D:1      | Karasique the High Elf Hunter began the quest for the Orb.
     0 | D:1      | Reached XP level 1. HP: 14/14 MP: 2/2
    89 | D:1      | Reached XP level 2. HP: 10/19 MP: 3/3
   494 | D:1      | Reached skill level 6 in Bows
  1365 | D:2      | Reached XP level 3. HP: 24/24 MP: 4/4
  1540 | D:2      | Slain by a worm

Vault maps used:
D:1:      roderic_crossed_star, serial_forest, infiniplex_forest_clump_medium,
          infiniplex_forest_end_1, infiniplex_forest_lined_ring,
          infiniplex_forest_lined_2, infiniplex_forest_lined_3_way,
          infiniplex_forest_straight_5, infiniplex_forest_end_1,
          infiniplex_forest_clump_cross
D:2:      first_bread

Skill      XL: |  1  2 |
---------------+-------+-----
Bows           | 6 |  6.8
Fighting       | |  2.0
Dodging        | |  2.1
Stealth        | |  1.1

Action                   || total
-------------------------++-------
Melee: Short sword       ||    95
       Long sword        ||    15
 Fire: Shortbow          ||    15
  Use: Scroll            ||     2
 Stab: Sleeping          ||     2
  Eat: Chunk             ||     2
